 Dungeon Crawl Stone Soup version 0.26-a0-597-gb535b0901c (webtiles) character file.

Game seed: 16463266853783583776

39 Flugslaktarn the Skirmisher (level 3, 0/34 HPs)
             Began as a Minotaur Fighter on Sept 13, 2020.
             Succumbed to an adder's poison
             ... on level 3 of the Dungeon.
             The game lasted 00:00:27 (377 turns).

Flugslaktarn the Skirmisher (Minotaur Fighter)       Turns: 377, Time: 00:00:27

Health: 0/34       AC:  7    Str: 20    XL:     3   Next: 28%
Magic:  2/2        EV:  7    Int:  6    God:
Gold:   16         SH:  9    Dex:  9    Spells: 2/2 levels left

rFire    . . .     SeeInvis .   a - +0 war axe
rCold    . . .     Faith    .   c - +0 kite shield
rNeg     . . .     Spirit   .   b - +0 scale mail
rPois    .         Reflect  .   (helmet restricted)
rElec    .         Harm     .   (no cloak)
rCorr    .                      (no gloves)
MR       .....                  (no boots)
Stlth    ..........             (no amulet)
HPRegen  0.11/turn              (no ring)
MPRegen  0.08/turn              (no ring)

@: mighty, lethally poisoned (0 -> -4), stab
A: retaliatory headbutt, horns 2
a: no special abilities


You were on level 3 of the Dungeon.
You visited 1 branch of the dungeon, and saw 3 of its levels.

You collected 16 gold pieces.

Inventory:

Hand Weapons
 a - a +0 war axe (weapon)
Armour
 b - a +0 scale mail (worn)
 c - a +0 kite shield (worn)
Jewellery
 i - a cursed ring of see invisible {unknown}
   (You found it on level 2 of the Dungeon)
Potions
 h - 2 potions of stabbing


   Skills:
 * Level 4.3 Fighting
 * Level 3.2 Axes
 + Level 3.9 Armour
 + Level 3.9 Shields


You had 2 spell levels left.
You didn't know any spells.
Your spell library was empty.

Dungeon Overview and Level Annotations

Branches:
Dungeon (3/15)

Altars:

Annotations:
D:3 Grinder


Innate Abilities, Weirdness & Mutations

You reflexively headbutt those who attack you in melee.
You have a pair of horns on your head.


Message History

* * * LOW HITPOINT WARNING * * *
You feel sick.
The leopard gecko bites you but does no damage.
The orc priest casts a cantrip, but nothing happens.
Grinder blinks!
The leopard gecko bites you but does no damage.
The orc hits you with a cursed +0 short sword.
* * * LOW HITPOINT WARNING * * *
You are too injured to fight recklessly!
You are too injured to fight recklessly!
You closely miss the orc. You miss the leopard gecko.
You block the leopard gecko's attack.
The orc priest hits you but does no damage.
The orc hits you with a cursed +0 short sword.
* * * LOW HITPOINT WARNING * * *
The leopard gecko bites you but does no damage.
You block the orc priest's attack.
You are too injured to fight recklessly!
You barely miss the orc. You barely miss the leopard gecko.
You die...

#w##.#.....
...##.##.#...#. .
#.##........... ..
.b.#g###.##..## ...
#l##.# # .... #.#S§#
..... #.#$#...#
.....o####w#5#......#
.....oo@lgg..#....###
......########....#
##... ....# ##. ...##
# .>..


You could see Grinder, a worm, an orc priest, 2 orcs, a leopard gecko and 2
hobgoblins.

Vanquished Creatures
  A gnoll (D:2)
  An adder (D:3)
  A leopard gecko (D:3)
  2 orcs (D:3)
  4 goblins
  A hobgoblin (D:1)
  4 jackals (D:3)
  2 bats
  A kobold (D:1)
  A rat (D:1)
18 creatures vanquished.

Notes
Turn   | Place    | Note
-------+----------+-------------------------------------------
     0 | D:1      | Flugslaktarn the Minotaur Fighter began the quest for the
                  | Orb.
     0 | D:1      | Reached XP level 1. HP: 19/19 MP: 0/0
   329 | D:2      | Reached skill level 4 in Fighting
   329 | D:2      | Reached XP level 2. HP: 23/27 MP: 1/1
   335 | D:3      | Noticed Grinder
   341 | D:3      | Paralysed by Grinder for 2 turns
   364 | D:3      | HP: 1/27 [poisoned by an adder]
   369 | D:3      | Reached XP level 3. HP: 13/33 MP: 2/2
   376 | D:3      | HP: 1/34 [orc/cursed +0 short sword (1)]
   377 | D:3      | Succumbed to an adder's poison

Illustrated notes

Levels and vault maps discovered:
D:1:      minmay_arrival_wavy_path, layout_basic
D:2:      layout_basic, kennysheep_slug_shrine, chequers_ecumenical_altar_island
D:3:      minmay_spotlight, layout_rooms, grunt_temple_overflow_opulence,
          uniq_ijyb, uniq_grinder

Skill      XL: |  1  2 |
---------------+-------+-----
Fighting       | 4 |  4.3
Axes           | 3 |  3.2
Armour         | |  3.9
Shields        | |  3.9

Action                   || total
-------------------------++-------
Melee: War axe           ||    41
       Headbutt          ||     2
  Use: Potion            ||     4
       Scroll            ||     2
Armor: Scale mail        ||    28
Dodge: Dodged            ||    16
Block: Kite shield       ||    32

Table legend: (Time is in decaauts)
 A = Elapsed time spent in this place.
 B = Non-inter-level travel time spent in this place.
 C = Inter-level travel time spent in this place.
 D = Time resting spent in this place.
 E = Time spent auto-exploring this place.
 F = Levels seen in this place.
 G = Mean time per level.
                   A        B        C        D        E       F      G
               +--------+--------+--------+--------+--------+-----+--------+
         Total |    394 |    356 |     38 |      0 |    250 |   3 |  131.3 |
       Dungeon |    394 |    356 |     38 |      0 |    250 |   3 |  131.3 |
               +--------+--------+--------+--------+--------+-----+--------+

Top non-repeatable levels by time:
     D:1: 279 daAuts
     D:2: 66 daAuts
     D:3: 49 daAuts
